 Dungeon Crawl Stone Soup version 0.28.0-45-g0d030f2227 (webtiles) character file.

Game seed: 15524226416362587370

313 mortz the Conjurer (level 6, -1/42 HPs)
             Began as a Human Conjurer on Apr 17, 2022.
             Slain by a hornet zombie (11 damage)
             ... on level 4 of the Dungeon.
             The game lasted 00:18:43 (3987 turns).

mortz the Conjurer (Human Conjurer)                 Turns: 3987, Time: 00:18:43

Health: -1/42      AC:  4    Str:  7    XL:     6   Next: 71%
Magic:  0/11       EV: 12    Int: 21    God:
Gold:   103        SH:  0    Dex: 11    Spells: 8/11 levels left

rFire   . . .      SeeInvis +   n - +0 short sword {short}
rCold   . . .      Faith    .   (no shield)
rNeg    . . .      Spirit   .   a - +0 robe
rPois   .          Reflect  .   s - +0 helmet
rElec   .          Harm     .   (no cloak)
rCorr   .          Rampage  .   q - +0 pair of gloves
Will    .....                   (no boots)
Stlth   ++........              (no amulet)
HPRegen 0.14/turn               h - ring of see invisible
MPRegen 0.12/turn               (no ring)

@: no status effects
A: no striking features
a: no special abilities


You were on level 4 of the Dungeon.
You visited 1 branch of the dungeon, and saw 6 of its levels.

You collected 103 gold pieces.


   Skills:
 + Level 0.4 Fighting
 + Level 0.9 Short Blades
 + Level 2.4 Dodging
 + Level 3.1 Stealth
 + Level 3.4 Spellcasting
 + Level 6.0 Conjurations


You had 8 spell levels left.
You knew the following spells:

 Your Spells              Type           Power      Damage    Failure   Level
a - Magic Dart            Conj           100%       1d8       1%          1
b - Searing Ray           Conj           58%        2d6       1%          2

Your spell library contained the following spells:

 Spells                   Type           Power      Damage    Failure   Level
 Foxfire                  Conj/Fire      64%        2x1d7     3%          1
 Static Discharge         Conj/Air       16%        N/A       5%          2
 Conjure Flame            Conj/Fire      16%        6-21      11%         3
 Dazzling Flash           Conj/Hex       32%        N/A       11%         3
 Animate Skeleton         Necr           6%         N/A       13%         1
 Apportation              Tloc           6%         N/A       13%         1
 Summon Small Mammal      Summ           12%        N/A       13%         1
 Inner Flame              Hex/Fire       3%         N/A       36%         3
 Flame Wave               Conj/Fire      16%        2d6       36%         4
 Fulminant Prism          Conj/Hex       8%         3d7       36%         4
 Iskenderun's Mystic Bla  Conj/Tloc      16%        2d5       36%         4
 Sticky Flame             Conj/Fire      16%        2d4       36%         4
 Dispel Undead            Necr           3%         3d7       77%         4

Inventory:

Hand Weapons
 d - a +0 dagger {short}
   (You took it off a kobold on level 1 of the Dungeon)
 n - a +0 short sword (weapon) {short}
   (You took it off a kobold on level 2 of the Dungeon)
Missiles
 b - 58 arrows
 c - 100 stones {throwing}
 f - 46 bolts
 j - 3 atropa-tipped darts {throwing}
Armour
 a - a +0 robe (worn)
 i - a +0 chain mail
   (You found it on level 2 of the Dungeon)
 q - a +0 pair of gloves (worn)
   (You found it on level 3 of the Dungeon)
 s - a +0 helmet (worn)
   (You took it off Robin on level 3 of the Dungeon)
 t - a +0 ring mail
   (You found it on level 3 of the Dungeon)
Magical Staves
 l - a staff of death {!astaff}
   (You found it on level 2 of the Dungeon)
Jewellery
 h - a ring of see invisible (left hand)
   (You found it on level 2 of the Dungeon)
Wands
 m - a wand of paralysis (14)
   (You found it on level 2 of the Dungeon)
 v - a wand of iceblast (4)
   (You found it on level 5 of the Dungeon)
Scrolls
 e - a scroll of teleportation {unknown}
 k - 3 scrolls of enchant armour {unknown}
 p - a scroll of immolation {unknown}
 w - a scroll of silence {unknown}
 x - a scroll of magic mapping {unknown}
Potions
 g - a potion of brilliance {unknown}
 o - a potion of cancellation {unknown}
 r - a potion of haste {unknown}
 u - a potion of mutation {unknown}

Dungeon Overview and Level Annotations

Branches:
Dungeon (6/15)
 Temple: D:4-7

Altars:

##.##........ .. .....
..# #####.###..#
#.######.
#......###.###........
#......#......<.......
#......#..#..#..###...
#........###.......
#.......## ##......#
#.....@## ##..##.#
#.....Z.# ........
.....=...=# .##...#.#
##......#..# . ..# ..
#.......<...
#....#....#.. #.......
##.$# #........ ##


You could see a hornet zombie.


Message History

a +0 short sword {short}; a +0 dagger {short} A bat comes into view.
Aiming: Magic Dart (safe; 1% risk of failure)
Press: ? - help, Q - select action, (/) - cycle Shift-Dir - straight line, f - bat
Aim: a bat (100% to hit)
The magic dart hits the bat.
You kill the bat! 😎 MP[-1]
You lost 1 mp, and now have 10/11 mp.
c - 74 stones {throwing} (gained 4)
You now have 103 gold pieces (gained 10).
Things that are here:
a +0 hand axe {axe}; a kobold corpse 😎 MP[+1]
Your mp is fully restored (11).
c - 100 stones {throwing} (gained 26)
There is a stone staircase leading down here.
There is a stone staircase leading up here.
Done exploring.
(D) Dungeon
Where to? (Enter - D:3 @ (x,y), ? - help)
There is a stone staircase leading up here.
There is a stone staircase leading down here.
You climb downwards.
You hear the hiss of flowing sand.
There is an entrance to an ossuary on this level.
Hurry and find it before the portal is buried!
You hear the brisk hiss of an avalanche of sand.
There is a stone staircase leading up here.
Casting: Magic Dart (safe; 1% risk of failure)
Confirm with . or Enter, or press ? or * to list all spells.
Aiming: Searing Ray (safe; 1% risk of failure)
Press: ? - help, Shift-Dir - straight line, f - ball python
Aim: a ball python (asleep, 100% to hit)
The searing ray hits the ball python!
You kill the ball python! (Press . to maintain the ray.) 😎 MP[-2]
You lost 2 mp, and now have 9/11 mp.
A hornet zombie comes into view. 😎 MP[+1]
Found a wooden ring and 12 gold pieces.
Found an escape hatch in the ceiling.
Casting: Searing Ray (safe; 1% risk of failure)
Confirm with . or Enter, or press ? or * to list all spells.
Aiming: Searing Ray (safe; 1% risk of failure)
Press: ? - help, Shift-Dir - straight line, f - hornet zombie
Aim: a hornet zombie (82% to hit)
You miscast Searing Ray.
You are very lightly contaminated with residual magic.
Nothing appears to happen. 😎 MP[-2]
You lost 2 mp, and now have 8/11 mp.
Casting: Searing Ray (safe; 1% risk of failure)
Confirm with . or Enter, or press ? or * to list all spells.
Aiming: Searing Ray (safe; 1% risk of failure)
Press: ? - help, Shift-Dir - straight line, f/p - hornet zombie
Aim: a hornet zombie (82% to hit)
The searing ray misses the hornet zombie. (Press . to maintain the ray.)
The hornet zombie closely misses you. 😎 MP[-2]
You lost 2 mp, and now have 6/11 mp.
The searing ray hits the hornet zombie.
The hornet zombie hits you. 😕 HP[-6] MP[-1]
You take 6 damage, and now have 36/42 hp.
You lost 1 mp, and now have 5/11 mp.
The searing ray hits the hornet zombie!
The hornet zombie closely misses you.
The hornet zombie barely misses you. 😕 MP[-1]
You lost 1 mp, and now have 4/11 mp.
The searing ray hits the hornet zombie.
You finish channelling your searing ray.
The hornet zombie hits you but does no damage. 😕 MP[-1]
You lost 1 mp, and now have 3/11 mp.
Casting: Searing Ray (safe; 1% risk of failure)
Confirm with . or Enter, or press ? or * to list all spells.
Aiming: Searing Ray (safe; 1% risk of failure)
Press: ? - help, Shift-Dir - straight line, f/p - hornet zombie
Aim: a hornet zombie (moderately damaged, 82% to hit)
The searing ray hits the hornet zombie! (Press . to maintain the ray.)
The hornet zombie hits you. 😮 HP[-5] MP[-2]
You take 5 damage, and now have 31/42 hp.
You lost 2 mp, and now have 1/11 mp.
The searing ray hits the hornet zombie!
The hornet zombie misses you.
The searing ray hits the hornet zombie!
The hornet zombie hits you!
* * * LOW HITPOINT WARNING * * *
The hornet zombie hits you!
* * * LOW HITPOINT WARNING * * *
Your magical contamination has completely faded away. 😱 HP[-21] MP[-1]
You take 21 damage, and now have 10/42 hp.
MASSIVE DAMAGE!! (PAUSE)
You lost 1 mp, and now have 0/11 mp.
You hit the hornet zombie. The hornet zombie closely misses you.
You hit the hornet zombie but do no damage.
The hornet zombie hits you!
You die...

Skill      XL: |  1  2  3  4  5  6 |
---------------+-------------------+-----
Conjurations   | 5 6 |  6.0
Spellcasting   | 3 |  3.4
Stealth        | 3 |  3.1
Fighting       | |  0.4
Short Blades   | |  0.9
Dodging        | |  2.4

Action                   |  1- 3 |  4- 6 || total
-------------------------+-------+-------++-------
Melee: Short sword       |       |    19 ||    19
Throw: Boomerang         |       |     2 ||     2
 Cast: Magic Dart        |    46 |    11 ||    57
       Searing Ray       |    12 |    22 ||    34
Armor: Robe              |       |     6 ||     6
Dodge: Dodged            |       |    23 ||    23

Levels and vault maps discovered:
D:1:      minmay_arrival_widening_spiral_wide, layout_rooms
D:2:      kennysheep_six_static_rooms, layout_loops_corners,
          shapermc_ecumenical_altar_notcrosses, uniq_crazy_yiuf_cottage
D:3:      layout_loops_ring, uniq_robin, uniq_jessica
D:4:      layout_rooms, grunt_qazlal_clouds, tgw_fedhas, enter_ossuary_5,
          minmay_goblin_kobold_house
D:5:      layout_gridville, mainiacjoe_overflow_brackets, serial_shops,
          nicolae_shop_waterfront, kennysheep_little_box,
          minmay_misc_feat_more_columns
D:6:      layout_loops_ring, serial_shops, shop_statue, kennysheep_mini,
          nicolae_square_shop, nicolae_shop_bloodbath_and_beyond,
          minmay_misc_feat_tiny, hangedman_minor_gate_pass

Notes
Turn   | Place    | Note
-------+----------+-------------------------------------------
     0 | D:1      | mortz the Human Conjurer began the quest for the Orb.
     0 | D:1      | Reached XP level 1. HP: 13/13 MP: 3/3
     0 | D:1      | magus.rc [v1.9.6]
   264 | D:1      | Reached XP level 2. HP: 19/19 MP: 0/5
   267 | D:1      | Learned a level 2 spell: Searing Ray
   844 | D:2      | Reached XP level 3. HP: 24/24 MP: 2/6
  1375 | D:2      | Found a faded altar of an unknown god.
  1431 | D:2      | You pick up a book of Cantrips and begin reading...
  1431 | D:2      | You add the spells Animate Skeleton, Summon Small Mammal
                  | and Apportation to your library.
  1820 | D:2      | You pick up a book of Touch and begin reading...
  1820 | D:2      | You add the spells Static Discharge, Sticky Flame and
                  | Dispel Undead to your library.
  2075 | D:3      | Noticed Robin
  2150 | D:3      | Reached skill level 5 in Conjurations
  2160 | D:3      | Reached XP level 4. HP: 30/30 MP: 2/7
  2238 | D:3      | Noticed a sky beast
  2336 | D:3      | Killed Robin
  2944 | D:3      | You pick up a book of Flames and begin reading...
  2944 | D:3      | You add the spells Foxfire, Conjure Flame, Inner Flame and
                  | Flame Wave to your library.
  3076 | D:3      | You fall into a shaft and drop 3 floors!
  3124 | D:6      | Reached XP level 5. HP: 20/35 MP: 1/9
  3427 | D:5      | Entered Level 5 of the Dungeon
  3432 | D:5      | Reached skill level 3 in Spellcasting
  3576 | D:5      | Reached XP level 6. HP: 41/41 MP: 6/10
  3703 | D:3      | Noticed Jessica
  3706 | D:3      | Killed Jessica
  3729 | D:3      | Killed a sky beast
  3730 | D:3      | Reached skill level 3 in Stealth
  3730 | D:3      | Reached skill level 6 in Conjurations
  3985 | D:4      | HP: 10/42 [hornet zombie (10)]
  3987 | D:4      | Slain by a hornet zombie

Vanquished Creatures
  A sky beast (D:3)
  2 hounds (D:5)
  Jessica (D:3)
  An iguana (D:6)
  An orc wizard (D:6)
  Robin (D:3)
  3 worms
  2 orcs (D:6)
  4 bats
  3 endoplasms
  3 giant cockroaches (D:2)
  14 goblins
  7 hobgoblins
  4 jackals (D:3)
  5 kobolds
  3 quokkas
  4 ball pythons
  A frilled lizard (D:3)
  6 rats
66 creatures vanquished.

Table legend:
 A = Non-vault XP
 B = Vault XP
 C = Vault XP percentage of total XP
 D = Non-vault monster count
 E = Vault monster count
 F = Vault count percentage of total count
                 A         B        C        D         E       F
            +---------+---------+-------+---------+---------+-------
      Total |     362 |      86 |  19.2 |      48 |      18 |  27.3
            +---------+---------+-------+---------+---------+-------
        D:1 |      23 |       0 |   0.0 |      13 |       0 |   0.0
        D:2 |      19 |      14 |  42.4 |      12 |       6 |  33.3
        D:3 |     157 |      72 |  31.4 |      15 |      12 |  44.4
        D:4 |       3 |       0 |   0.0 |       2 |       0 |   0.0
        D:5 |      83 |       0 |   0.0 |       2 |       0 |   0.0
        D:6 |      77 |       0 |   0.0 |       4 |       0 |   0.0
            +---------+---------+-------+---------+---------+-------

Illustrated notes

Table legend:
 A = Kills in this place as a percentage of kills in entire the game.
 B = Kills by you in this place as a percentage of kills by you in the entire game.
 C = Kills by friends in this place as a percentage of kills by friends in the entire game.
 D = Other kills in this place as a percentage of other kills in the entire game.
 E = Experience gained in this place as a percentage of experience gained in the entire game.
 F = Experience gained in this place divided by the number of levels of this place that you have seen.
                   A       B       C       D       E      F
               +-------+-------+-------+-------+-------+----------------------
         Total | 100.0 | 100.0 |   N/A |   N/A | 100.0 |  74.7
       Dungeon | 100.0 | 100.0 |   N/A |   N/A | 100.0 |  74.7
               +-------+-------+-------+-------+-------+----------------------

Table legend: (Time is in decaauts)
 A = Elapsed time spent in this place.
 B = Non-inter-level travel time spent in this place.
 C = Inter-level travel time spent in this place.
 D = Time resting spent in this place.
 E = Time spent auto-exploring this place.
 F = Levels seen in this place.
 G = Mean time per level.
                   A        B        C        D        E       F      G
               +--------+--------+--------+--------+--------+-----+--------+
         Total |   3987 |   3795 |    192 |    778 |   2145 |   6 |  664.5 |
       Dungeon |   3987 |   3795 |    192 |    778 |   2145 |   6 |  664.5 |
               +--------+--------+--------+--------+--------+-----+--------+

Top non-repeatable levels by time:
     D:3: 1334 daAuts
     D:2: 1322 daAuts
     D:1: 707 daAuts
     D:6: 351 daAuts
     D:5: 206 daAuts
     D:4: 64 daAuts
